AoeStats
← Pwncakes

Black Forest

508018520Analyzed
3v3 RM · 12d ago on Sep 20, 2026· 40m 55s· 6 players
Game mode
Random Map
Map size
Normal (6 player)
Population
200
Speed
Normal
Resources
Standard
Victory
Conquest
Starting age
Dark Age
Ending age
Imperial Age
RankedLock teamsTeams togetherTeam positionsShared explorationLock speedFull tech treeHidden civsTurbo modeCheats
Victory
Defeat
🇩🇪 Bulgarians · Germany
1531
+12
🇩🇪 Malians · Germany
1461
+15
🇨🇱 Lithuanians · Chile
1367
+19
🇺🇸 Dravidians · United States
1497
-18
🇹🇷 Saracens · Türkiye
1451
-16
🇺🇸 Bengalis · United States
1349
-12
Kean
1:30 Loom
11:18 Feudal Age
12:24 Double-Bit Axe
14:49 Fletching
19:32 Gold Mining
23:22 Castle Age
22:22 Scale Barding Armor
22:29 Forging
23:34 Bloodlines
25:23 Iron Casting
28:05 Bow Saw
30:08 Horse Collar
35:23 Wheelbarrow
36:30 Heavy Plow
39:07 Gold Shaft Mining
38:23 Stone Mining
39:09 Bodkin Arrow
40:35 Coinage
43:06 Imperial Age
trollano
0:30 Loom
14:11 Feudal Age
18:21 Castle Age
16:45 Double-Bit Axe
18:29 Fletching
19:26 Bodkin Arrow
26:49 Horse Collar
33:19 Imperial Age
31:26 Heavy Plow
32:12 Ballistics
32:00 Padded Archer Armor
35:03 Bracer
36:36 Chemistry
36:57 Leather Archer Armor
37:32 Scale Mail Armor
37:33 Elite Elephant Archer
40:08 Pikeman
Pwncakes
1:05 Loom
13:40 Feudal Age
20:52 Castle Age
21:37 Castle Age
30:47 Double-Bit Axe
38:28 Wheelbarrow
FunKinGGusTI
5:31 Loom
10:16 Feudal Age
32:07 Castle Age
30:52 Fletching
37:17 Double-Bit Axe
37:21 Horse Collar
37:32 Town Watch
38:38 Bow Saw
b4ron1
11:59 Feudal Age
15:58 Castle Age
13:46 Loom
16:01 Castle Age
14:59 Double-Bit Axe
30:26 Bow Saw
31:10 Sanctity
37:36 Wheelbarrow
38:39 Scale Mail Armor
38:49 Forging
42:04 Imperial Age
40:38 Caravan
40:48 Horse Collar
Hennessy
0:26 Loom
13:04 Feudal Age
13:18 Man-at-Arms
14:26 Arson
14:54 Double-Bit Axe
17:33 Wheelbarrow
21:10 Castle Age
19:09 Horse Collar
21:27 Fletching
22:28 Bow Saw
22:30 Town Watch
23:03 Fletching
25:43 Gold Mining
27:55 Heavy Plow
29:33 Hand Cart
33:39 Imperial Age
31:47 Scale Barding Armor
31:53 Forging
32:15 Bloodlines
33:24 Chain Barding Armor
33:40 Iron Casting
33:45 Cavalier
34:25 Husbandry
35:04 Conscription
34:49 Town Patrol
34:44 Stone Mining
35:50 Plate Barding Armor
37:23 Crop Rotation
40:45 Caravan
40:31 Light Cavalry
Connection lost

Rejoining the realm…

Still unreachable

The connection could not be restored.

Session expired

The server has moved on; the page needs a fresh start.